[Event "Torneo Interdepartamental 2019"]
[Site "Montevideo"]
[Date "2019.08.25"]
[Round "5.8"]
[White "Belistri, Ubaldo"]
[Black "Vazquez, Facundo"]
[Result "1-0"]
[ECO "E85"]
[WhiteElo "1849"]
[BlackElo "2111"]
[Annotator "ChessBase"]
[PlyCount "113"]
[EventDate "2019.08.23"]
[EventType "team-tourn"]
[EventCountry "URU"]
[SourceTitle "playchess.com"]
[Source "ChessBase"]
[SourceQuality "1"]
[TimeControl "5400+30"]

1. d4 Nf6 2. c4 g6 3. Nc3 Bg7 4. e4 d6 5. f3 O-O 6. Be3 e5 7. Nge2 exd4 8. Nxd4 Nc6 9. Qd2 a6 10. Be2 Ne5 11. O-O c5 12. Nc2 Be6 13. b3 Qa5 14. Rfd1 Rab8 15. a3 Ne8 16. b4 cxb4 17. axb4 Qc7 18. Nd5 Bxd5 19. cxd5 Nc4 20. Bxc4 Bxa1 21. Rxa1 Qxc4 22. Bd4 Rc8 23. Ne3 Qc7 24. Ng4 f6 25. Qf4 Qe7 26. h4 Rc4 27. Rd1 Rxb4 28. h5 Rxd4 29. Rxd4 g5 30. Qc1 b5 31. Rd2 Ng7 32. Rc2 Ne8 33. Rc8 a5 34. Qc6 f5 35. Nh6+ Kh8 36. Nxf5 Qe5 37. Qxb5 g4 38. fxg4 Rg8 39. Qa4 Nf6 40. Rxg8+ Kxg8 41. Qxa5 Nxg4 42. Qd8+ Kf7 43. Qd7+ Kf8 44. Qxd6+ Qxd6 45. Nxd6 Ke7 46. Nf5+ Kf6 47. Kf1 Ke5 48. d6 Nf6 49. Ng3 Kf4 50. Kf2 Ng4+ 51. Ke2 Ne5 52. Nf1 Kxe4 53. Ne3 Nd7 54. g4 Ne5 55. g5 Kd4 56. g6 hxg6 57. h6 {[%emt 0:00:03] Kd5} 1-0

[Event "Torneo Interdepartamental 2019"]
[Site "Montevideo"]
[Date "2019.08.25"]
[Round "5.9"]
[White "Malan, Lucia"]
[Black "Campora, Edgardo"]
[Result "1-0"]
[ECO "B06"]
[WhiteElo "1831"]
[BlackElo "1666"]
[Annotator "NA"]
[PlyCount "85"]
[EventDate "2019.08.23"]
[EventType "team-tourn"]
[EventCountry "URU"]
[SourceTitle "playchess.com"]
[Source "ChessBase"]
[SourceQuality "1"]
[TimeControl "5400+30"]

1. e4 g6 2. d4 Bg7 3. Be3 d6 4. Nc3 e5 5. Nf3 Nd7 6. Bc4 {[%emt 0:02:20] B06: Modern Defence} (6. dxe5 dxe5 7. Bc4 Ngf6 8. h3 O-O 9. O-O Qe7 10. Qe2 c6 11. a4 a5 12. Rad1 Nc5 13. Rfe1 Ncxe4 14. Nxe4 Nxe4 15. Bb6 Qb4 16. Bc7 Qe7 17. Bxe5 Ng5 18. Nxg5 Qxg5 19. Bd6 Bxh3 20. f4 Qg4 21. Bxf8 Bxf8 22. Qxg4 Bxg4 {½-½ (50) Fressinet,L (2575)-Spassky,B (2551) Paris 2001}) 6... Ne7 7. Qd2 O-O 8. O-O-O c6 $146 ({Predecessor:} 8... Nb6 9. Bb3 Nc6 10. Bg5 Bf6 11. dxe5 Nxe5 12. h4 Qe7 13. Qf4 Bxg5 14. hxg5 Nxf3 15. gxf3 Qe5 16. Qh4 Qg7 17. e5 dxe5 18. Ne4 h6 19. Nf6+ Kh8 20. Qxh6+ {1-0 (20) Hoare,A (2069)-Sparvang,J (1619) Helsingor 2015}) 9. dxe5 dxe5 10. Bh6 Qc7 11. Bxg7 Kxg7 12. Ng5 Nc5 13. f4 b5 14. Be2 Ne6 15. f5 Nd4 16. f6+ Kxf6 17. Nxh7+ Kg7 18. Nxf8 Kxf8 19. h4 b4 20. Na4 c5 21. c3 Nxe2+ 22. Qxe2 Qa5 23. Qc2 Be6 24. b3 c4 25. h5 cxb3 26. axb3 bxc3 27. Rd3 Nc6 28. Rxc3 Nd4 29. Qb2 Nxb3+ (29... Rb8 $11 {keeps the balance.} 30. h6 Kg8 31. h7+ Kh8) 30. Rxb3 Qxa4 31. Qa3+ ({Don't take} 31. Rb8+ Rxb8 32. Qxb8+ Ke7 $18) 31... Qxa3+ 32. Rxa3 Rc8+ 33. Kd2 Rc7 $18 (33... Kg7 $142 34. Ra5 (34. Rxa7 Rc4 $18) 34... Rb8 35. Rxe5 (35. Rxa7 Rb2+ 36. Kd3 Rb3+ 37. Kc2 Re3 $16) 35... Rb2+ 36. Ke3 Ra2 37. hxg6 Kxg6) 34. hxg6 fxg6 35. Rh8+ Kg7 36. Ra8 Rd7+ 37. Ke3 Rd1 38. R3xa7+ Kf6 39. Rf8+ Kg5 40. Re8 Bg4 41. Rxe5+ Kf6 42. Rd5 Re1+ 43. Kf4 1-0

[Event "Torneo Interdepartamental 2019"]
[Site "Montevideo"]
[Date "2019.08.25"]
[Round "5.10"]
[White "Miraballes Lopez, Andres"]
[Black "Dominguez, Facundo"]
[Result "0-1"]
[ECO "B21"]
[WhiteElo "1664"]
[BlackElo "2138"]
[Annotator "NA"]
[PlyCount "48"]
[EventDate "2019.08.23"]
[EventType "team-tourn"]
[EventCountry "URU"]
[SourceTitle "playchess.com"]
[Source "ChessBase"]
[SourceQuality "1"]
[TimeControl "5400+30"]

1. e4 c5 2. d4 cxd4 3. c3 d3 4. Bxd3 Nc6 5. Nf3 d6 6. Be3 Nf6 7. c4 g6 8. Nc3 Bg7 9. h3 O-O 10. Qd2 b6 11. Bh6 Bb7 12. Bxg7 Kxg7 13. g4 Ne5 14. Nxe5 dxe5 15. f3 h6 16. O-O-O Nd7 17. h4 Nc5 18. Nd5 e6 19. Ne3 Qf6 20. Qf2 Nxd3+ 21. Rxd3 Bxe4 22. Rd2 Qxf3 23. Re1 Rad8 24. Rxd8 Qxf2 0-1

[Event "Torneo Interdepartamental 2019"]
[Site "Montevideo"]
[Date "2019.08.25"]
[Round "5.11"]
[White "Caitano, Martin Joel"]
[Black "Silvera, Pilar"]
[Result "1-0"]
[ECO "A83"]
[WhiteElo "2119"]
[BlackElo "1221"]
[Annotator "ChessBase"]
[PlyCount "75"]
[EventDate "2019.08.23"]
[EventType "team-tourn"]
[EventCountry "URU"]
[SourceTitle "playchess.com"]
[Source "ChessBase"]
[SourceQuality "1"]
[TimeControl "5400+30"]

1. d4 f5 2. e4 fxe4 3. Nc3 Nf6 4. Bg5 e6 5. Nxe4 Be7 6. Bxf6 Bxf6 7. Nf3 d6 8. Bd3 Nc6 9. O-O O-O 10. c3 Bd7 11. Re1 Ne7 12. Neg5 Bxg5 13. Nxg5 Nf5 14. Nxe6 Bxe6 15. Rxe6 Qd7 16. Qe2 Rf7 17. Re1 Raf8 18. Re8 g6 19. Qe6 Qxe6 20. R8xe6 Kg7 21. g3 Nh6 22. f4 Ng4 23. Bc4 Nf6 24. Re7 d5 25. Bd3 Rxe7 26. Rxe7+ Rf7 27. Rxf7+ Kxf7 28. h3 Ke6 29. Kf2 Nh5 30. Kf3 Kf6 31. g4 Ng7 32. g5+ Kf7 33. Kg4 Ke6 34. h4 c6 35. a4 b6 36. b4 a5 37. bxa5 bxa5 38. Bc2 1-0

[Event "Torneo Interdepartamental 2019"]
[Site "Montevideo"]
[Date "2019.08.25"]
[Round "5.12"]
[White "Escofet, Jaime"]
[Black "Ibanez, Marcelo"]
[Result "1-0"]
[ECO "B42"]
[WhiteElo "1999"]
[BlackElo "2029"]
[Annotator "NA"]
[PlyCount "67"]
[EventDate "2019.08.23"]
[EventType "team-tourn"]
[EventCountry "URU"]
[SourceTitle "playchess.com"]
[Source "ChessBase"]
[SourceQuality "1"]
[TimeControl "5400+30"]

1. e4 c5 2. Nf3 e6 3. d4 cxd4 4. Nxd4 a6 5. Bd3 Nc6 6. Nxc6 bxc6 7. c4 Bb4+ 8. Bd2 Qb6 9. O-O Bxd2 10. Qxd2 Rb8 11. b3 Ne7 12. Nc3 Ng6 13. Rad1 O-O 14. Be2 e5 15. Na4 Qa7 16. c5 Rd8 17. Bc4 Rb7 18. Qg5 Re8 19. Rd6 Rb4 20. Nb6 Rxc4 21. bxc4 f6 22. Qg4 Qc7 23. Nxc8 Qxc8 24. Qxd7 Qxd7 25. Rxd7 Nf4 26. Rb1 Ne6 27. Rbb7 h5 28. f3 Kh7 29. Re7 Rxe7 30. Rxe7 Nxc5 31. Rc7 Nd3 32. Rxc6 Nb4 33. Rb6 Nxa2 34. c5 1-0